 Dungeon Crawl Stone Soup version 0.31-a0-819-gf6de2f5ab6 (webtiles) character file.

Game seed: 18023728515917180238

8430 cganya the Thaumaturge (level 11, 0/72 HPs)
             Began as a Mummy Necromancer on Sept 22, 2023.
             Was a Believer of Ashenzari.
             Slain by a gargoyle
             ... wielding a +0 dire flail
              (14 damage)
             ... on level 10 of the Dungeon on Sept 23, 2023.
             The game lasted 01:40:40 (11635 turns).

cganya the Thaumaturge (Mummy Necromancer)         Turns: 11635, Time: 01:40:45

Health: 0/72       AC:  7    Str: 12    XL:     11   Next: 9%
Magic:  10/27      EV: 11    Int: 25    God:    Ashenzari [**....]
Gold:   730        SH:  9    Dex: 12    Spells: 11/34 levels left

rFire   x . .        a - staff of poison
rCold   + . .        i - +1 buckler {reflect}
rNeg    + + +        p - +2 robe {Will+}
rPois   ∞            d - +0 helmet "Sophism of Ashenzari" {Alch, Range} (curse)
rElec   .            B - +0 cloak
rCorr   .            (no gloves)
SInv    +            f - +0 pair of boots of Ashenzari's Sorrow {Elem, Dev} (curse)
Will    +++..        c - amulet of Supernal Gnosis {Reflect SH+5, Comp, Alch} (curse)
Stlth   ++           A - +6 ring of intelligence
HPRegen 0.32/turn    x - ring "Cursed Incredulity" {Will+, Dev, Comp} (curse)
MPRegen 0.20/turn

%: reflection, faith
@: about to teleport
A: cold resistance 1, negative energy resistance 3, torment resistance 2, heat
vulnerability 1, in touch with death 1, no potions, faith
a: Renounce Religion, Shatter the Chains


You were on level 10 of the Dungeon.
You worshipped Ashenzari.
Ashenzari was pleased with you.
You visited 4 branches of the dungeon, and saw 13 of its levels.

You collected 730 gold pieces.

Inventory:

Hand Weapons
 s - a +4 dagger of chaos
 w - the +6 dagger of Famine {drain, rC+}
   (You found it on level 6 of the Dungeon)

   rC+:       It protects you from cold.
Missiles
 g - 3 throwing nets
Armour
 d - the cursed +0 helmet "Sophism of Ashenzari" (worn) {Alch, Range}
   (You found it on level 1 of the Dungeon)

   It has a curse which improves the following skills: Alchemy: Poison Magic and
   Transmutations.
   Ranged Combat: Ranged Weapons and Throwing.
 f - the cursed +0 pair of boots of Ashenzari's Sorrow (worn) {Elem, Dev}
   (You found it on level 1 of the Dungeon)

   It has a curse which improves the following skills: Elements: Fire Magic, Ice
   Magic, Air Magic and Earth Magic.
   Devices:   Evocations.
 i - a +1 buckler of reflection (worn)
 o - the -1 pair of boots "Oruvach" {rElec Int+7 Stlth-}
   (You found it on level 9 of the Dungeon)

   Int+7:     It affects your intelligence (+7).
   rElec:     It insulates you from electricity.
   Stlth-:    It makes you less stealthy.
 p - a +2 robe of willpower (worn)
 B - a +0 cloak (worn)
Magical Staves
 a - a staff of poison (weapon)
Jewellery
 c - the cursed amulet of Supernal Gnosis (around neck) {Reflect SH+5, Comp, Alch}
   (You found it on level 1 of the Dungeon)

   [amulet of reflection]

   Reflect:   It reflects blocked missile attacks.
   SH+5:      It affects your SH (+5).
   It has a curse which improves the following skills: Companions: Summonings
   and Necromancy.
   Alchemy:   Poison Magic and Transmutations.
 j - a ring of resist corrosion
 x - the cursed ring "Cursed Incredulity" (right hand) {Will+, Dev, Comp}
   (You found it on level 6 of the Dungeon)

   [ring of willpower]

   Will+:     It increases your willpower.
   It has a curse which improves the following skills: Devices: Evocations.
   Companions: Summonings and Necromancy.
 A - a +6 ring of intelligence (left hand)
Wands
 r - a wand of mindburst (10)
 v - a wand of roots (10)
 y - a wand of paralysis (6)
 z - a wand of flame (15)
Scrolls
 b - 9 scrolls of identify
 e - a scroll of vulnerability
 h - 2 scrolls of fog
 k - 5 scrolls of teleportation
 l - 2 scrolls of enchant weapon
 m - 3 scrolls of amnesia
 n - a scroll of revelation
 q - a scroll of silence
 t - a scroll of poison
 u - 2 scrolls of immolation
 C - a scroll of noise


   Skills:
 - Level 2.0 Fighting
 - Level 3.0 Short Blades
 + Level 1.2 Staves
 + Level 1.1 Armour
 - Level 2.0 Dodging
 - Level 2.0 Stealth
 + Level 12.3 Spellcasting
 - Level 9.7(11.4) Necromancy
 - Level 4.0 Translocations
 * Level 1.0(2.0) Transmutations
 - Level 3.7(4.8) Air Magic
 + Level 4.0(5.6) Poison Magic
 - Level 2.5(4.0) Evocations


You had 11 spell levels left.
You knew the following spells:

 Your Spells              Type           Power      Damage    Failure   Level
a - Necrotise             Necr           100%       1d9       1%          1
b - Vampiric Draining     Necr           83%        2d11      1%          3
c - Animate Dead          Necr           83%        N/A       1%          4
d - Lesser Beckoning      Tloc           70%        N/A       1%          2
e - Poisonous Vapours     Pois/Air       100%       N/A       1%          2
f - Agony                 Necr           83%        N/A       1%          5
g - Mephitic Cloud        Conj/Pois/Air  49%        N/A       4%          3
h - Gell's Gravitas       Tloc           35%        N/A       3%          3

Your spell library contained the following spells:

 Spells                   Type           Power      Damage    Failure   Level
 Teleport Other           Tloc           35%        N/A       3%          3
 Inner Flame              Hex/Fire       15%        N/A       17%         3
 Freezing Cloud           Conj/Ice/Air   11%        6-21      63%         5
 Yara's Violent Unravell  Hex/Tmut       10%        3d6       71%         5
 Enfeeble                 Hex            7%         N/A       100%        7


Dungeon Overview and Level Annotations

Branches:
Dungeon (10/15)            Temple (1/1) D:7            Lair (1/5) D:8
    Orc (1/2) D:9

Altars:
Ashenzari
Cheibriados
Dithmenos
Fedhas
Gozag
Hepliaklqana
Kikubaaqudgha
Makhleb
Nemelex Xobeh
Okawaru
Qazlal
Ru
Sif Muna
Trog
Uskayaw
Vehumet
Wu Jian
Xom

Shops:
D:3 (   D:10 *!


Innate Abilities, Weirdness & Mutations

You are immune to poison.
Your flesh is cold resistant. (rC+)
You are immune to negative energy. (rN+++)
You are immune to unholy pain and torment.
You are vulnerable to heat. (rF-)
You are in touch with the powers of death.
You do not drink.
You have a special connection with the divine. (Faith)


Message History

You feel a surge of power!
The ball explodes into a vile cloud!
The stinking cloud engulfs the gargoyle but does no damage.
The gargoyle is heavily damaged.
The stinking cloud engulfs the centaur but does no damage.
The centaur is lightly wounded.
The stinking cloud engulfs you but does no damage.
The centaur is engulfed in noxious fumes.
The centaur appears confused.
The centaur falls into the water!
The centaur drowns.
You hear a splash.
The gargoyle barely misses you.
Your base Transmutations skill increases to level 1!
Aiming: Mindburst
Press: ? - help, Shift-Dir - straight line, f/p - howler monkey
Aim: a howler monkey (lightly wounded, very poisoned, chance to affect: 85%)
Okay, then.
Aiming: Fastroot
Press: ? - help, Shift-Dir - straight line, p - howler monkey
Okay, then.
Casting: Mephitic Cloud (dangerous; 4% risk of failure)
Confirm with . or Enter, or press ? or * to list all spells.
Aiming: Gell's Gravitas (dangerous; 3% risk of failure)
Press: ? - help, Dir - move target, p - howler monkey Gravity reorients around empty space.
The howler monkey hoots and howls with incredible vigour!
Casting: Gell's Gravitas (dangerous; 3% risk of failure)
Confirm with . or Enter, or press ? or * to list all spells.
Aiming: Poisonous Vapours (safe; 1% risk of failure)
Press: ? - help, Dir - move target, f - troll
Aim: a troll You feel a surge of power!
Poisonous vapours surround the troll!
The troll looks as sick as possible!
The gargoyle hurls a stone arrow at you.
The stone arrow hits you!
* * * LOW HITPOINT WARNING * * *
As you read the scroll of teleportation, it crumbles to dust.
You feel strangely unstable.
The howler monkey hoots and howls with incredible vigour!
The gargoyle hits you with a +0 dire flail!
You die...

#.###....####(#.###
#.#.{......##......
.
#.#{###......###.#.
..
#.#.{.#......###.#.
...
#.###.#..........#.
...T
#.....###.....#####
....≈∆ #..####
#####..# #
#≈≈.###☼# ##.####
+..Th§9@# #.Z##.
###.≈°### #####Z##.
#.≈.. #.....##.
#'#... ......#)##.
........
###.#.#.###
#....###.# .. #
#.... #.?.. .# .#
#.... #.... . #..#.
#...#


You could see a troll (extremely poisoned), a gargoyle and a howler monkey (very
poisoned, catching breath).

Vanquished Creatures
  A two-headed ogre (D:10)
  2 cane toads (Lair:1)
  Psyche (D:9)
  A komodo dragon (D:8)
  Sigmund (D:3)
  8 yaks
  A warg (D:9)
  2 water moccasins
  3 orc warriors
  A sky beast (D:6)
  An ice beast (D:7)
  A black bear (D:8)
  2 ogres
  8 centaurs
  A wolf (Lair:1)
  A phantom (D:5)
  A kobold brigand (D:9)
  Blork the orc (D:4)
  5 bullfrogs
  A gnoll sergeant (D:8)
  6 scorpions
  8 killer bees
  2 howler monkeys (D:9)
  A crimson imp (D:7)
  A jelly (D:6)
  5 orc priests
  2 hounds (D:5)
  A gnoll bouda (D:5)
  A sleepcap (D:6)
  An iguana (D:4)
  10 orc wizards
  7 adders
  17 gnolls
  2 shadow imps
  3 worms
  2 dart slugs (D:1)
  24 orcs
  8 ball pythons
  5 endoplasms
  5 giant cockroaches
  13 goblins
  7 hobgoblins
  A jackal (D:1)
  8 kobolds
  7 quokkas
  2 bats (D:2)
  5 frilled lizards
  6 rats
203 creatures vanquished.

Vanquished Creatures (collateral kills)
  Maggie (D:9)
  4 yaks
  An orc warrior (Orc:1)
  A wolf (Lair:1)
  2 gnoll sergeants (D:9)
  3 howler monkeys (D:9)
  A gnoll bouda (D:7)
  An orc wizard (D:9)
  4 gnolls
  An orc (D:5)
  An endoplasm (D:1)
  A giant cockroach (D:1)
  A hobgoblin (D:2)
  A kobold (D:1)
  2 ball pythons
25 creatures vanquished.

Vanquished Creatures (others)
  6 yak zombies
  A wolf zombie (Lair:1)
  2 bullfrog zombies (Lair:1)
  2 killer bee zombies (D:9)
  A human zombie (D:9)
  An ogre zombie (Orc:1)
  A howler monkey zombie (D:9)
  An orc (D:8)
  3 kobold zombies (D:9)
  13 orc zombies
31 creatures vanquished.

Grand Total: 259 creatures vanquished

Notes
Turn   | Place    | Note
-------+----------+-------------------------------------------
     0 | D:1      | cganya the Mummy Necromancer began the quest for the Orb.
     0 | D:1      | Reached XP level 1. HP: 13/13 MP: 4/4
    86 | D:1      | Reached skill level 3 in Spellcasting
    97 | D:1      | Reached XP level 2. HP: 19/19 MP: 1/6
   229 | D:1      | Found a faded altar of an unknown god.
   733 | D:1      | Reached XP level 3. HP: 24/24 MP: 4/7
  1326 | D:2      | Reached skill level 4 in Spellcasting
  1360 | D:2      | Reached XP level 4. HP: 30/30 MP: 6/10
  2345 | D:3      | Learned a level 3 spell: Vampiric Draining
  2362 | D:3      | Found Fohe's Weapon Shoppe.
  2585 | D:3      | Found a broken altar of Ashenzari.
  2591 | D:3      | Became a worshipper of Ashenzari the Shackled
  2768 | D:3      | Noticed Sigmund
  2788 | D:3      | Killed Sigmund
  2789 | D:3      | Reached skill level 5 in Spellcasting
  2789 | D:3      | Reached skill level 5 in Necromancy
  2789 | D:3      | Reached XP level 5. HP: 17/35 MP: 0/13
  2945 | D:3      | Reached XP level 6. HP: 41/41 MP: 11/14
  3370 | D:4      | Reached skill level 6 in Spellcasting
  3706 | D:4      | Noticed Blork the orc
  3712 | D:4      | Killed Blork the orc
  3817 | D:5      | Entered Level 5 of the Dungeon
  3832 | D:5      | Reached skill level 1 in Fighting
  3836 | D:5      | Reached XP level 7. HP: 43/48 MP: 5/17
  3842 | D:5      | Found an opulent altar of Gozag.
  3951 | D:5      | Noticed a two-headed ogre
  3989 | D:5      | Reached skill level 7 in Spellcasting
  4461 | D:5      | Reached * piety under Ashenzari
  5031 | D:6      | Reached skill level 1 in Short Blades
  5031 | D:6      | Reached skill level 8 in Spellcasting
  5035 | D:6      | Reached XP level 8. HP: 56/56 MP: 13/20
  5040 | D:6      | Learned a level 4 spell: Animate Dead
  5294 | D:6      | Identified the +6 dagger of Famine {drain, rC+}
  5509 | D:6      | Reached ** piety under Ashenzari
  5549 | D:6      | Reached skill level 9 in Spellcasting
  6021 | D:7      | Found a staircase to the Ecumenical Temple.
  6038 | D:7      | Identified the +8 hand axe of Kikh {flame, *Noise rPois
                  | Int+2}
  6503 | D:6      | Learned a level 2 spell: Lesser Beckoning
  6772 | D:7      | Reached skill level 10 in Spellcasting
  6950 | D:7      | Learned a level 2 spell: Poisonous Vapours
  7147 | Temple   | Entered the Ecumenical Temple
  7225 | D:7      | Reached skill level 1 in Poison Magic
  7225 | D:7      | Reached XP level 9. HP: 61/61 MP: 16/23
  7811 | D:7      | Found a burning altar of Makhleb.
  8251 | D:8      | Found a staircase to the Lair.
  8252 | D:8      | Noticed a komodo dragon
  8268 | D:8      | Killed a komodo dragon
  8723 | D:8      | Found a radiant altar of Vehumet.
  9042 | Lair:1   | Entered Level 1 of the Lair of Beasts
  9042 | Lair:1   | Noticed a cane toad
  9051 | Lair:1   | Killed a cane toad
  9058 | Lair:1   | Learned a level 5 spell: Agony
  9062 | Lair:1   | Learned a level 3 spell: Mephitic Cloud
  9290 | Lair:1   | Reached skill level 11 in Spellcasting
  9290 | Lair:1   | Reached skill level 1 in Air Magic
  9303 | Lair:1   | Reached *** piety under Ashenzari
  9339 | Lair:1   | Noticed a cane toad
  9344 | Lair:1   | Killed a cane toad
  9461 | Lair:1   | Reached XP level 10. HP: 44/67 MP: 2/25
  9721 | Lair:1   | Noticed a cane toad
  9935 | D:8      | Upgraded the game from 0.31-a0-810-ga77100ea1a to
                  | 0.31-a0-819-gf6de2f5ab6
 10049 | D:9      | Learned a level 3 spell: Gell's Gravitas
 10076 | D:9      | Reached skill level 1 in Translocations
 10094 | D:9      | Reached skill level 1 in Evocations
 10199 | D:9      | Found a staircase to the Orcish Mines.
 10203 | D:9      | Found a hazy altar of Hepliaklqana.
 10213 | D:9      | Noticed Psyche
 10223 | D:9      | Killed Psyche
 10274 | D:9      | Noticed Maggie
 10293 | D:9      | Killed Maggie
 10294 | D:9      | Reached skill level 12 in Spellcasting
 10374 | D:9      | Your ally Maggie died
 10661 | D:9      | Found a shimmering blue altar of Sif Muna.
 10666 | D:9      | Identified Sif Muna's Incunabulum of Chilblains
 10719 | D:9      | Found a sacrificial altar of Ru.
 10843 | D:9      | Identified the -1 pair of boots "Oruvach" {rElec Int+7
                  | Stlth-}
 10944 | D:9      | Noticed an orange demon
 11196 | Orc:1    | Entered Level 1 of the Orcish Mines
 11401 | D:10     | Entered Level 10 of the Dungeon
 11420 | D:10     | Reached XP level 11. HP: 72/72 MP: 18/27
 11520 | D:10     | Found a blossoming altar of Fedhas.
 11580 | D:10     | Found Vaelular's Distillery.
 11615 | D:10     | Found Luebosti's Assorted Antiques.
 11615 | D:10     | Noticed a two-headed ogre
 11618 | D:10     | Killed a two-headed ogre
 11619 | D:10     | Reached skill level 1 in Staves
 11619 | D:10     | Reached skill level 1 in Armour
 11633 | D:10     | Reached skill level 1 in Transmutations
 11635 | D:10     | Slain by a gargoyle

Illustrated notes

Levels and vault maps discovered:
D:1:      arrival_zaba_pyramid, layout_basic,
          hellmonk_ecumenical_altar_crossroads, minmay_vboxes
D:2:      layout_loops_corners, minmay_randomly_rotated_circles
D:3:      layout_basic, evilmike_ruin_ashenzari, serial_shops,
          nicolae_shop_bloodbath_and_beyond, minmay_fractal_squares_diagonal_5,
          uniq_sigmund
D:4:      layout_rooms, uniq_blork_the_orc
D:5:      layout_loops_ring, nicolae_gozag_cash_rules_everything_around_me,
          patterned_corridor
D:6:      layout_basic
D:7:      layout_layer_cave, makhleb_grotto_becter, minmay_temple_entry_junction
D:8:      layout_rooms, fiery_altar_vehumet, tso_metal_star, david_lair_shrubbed
D:9:      layout_loops_corners, led_sif_book, nicolae_hepliaklqana_hazy_memory,
          nicolae_ru_the_path_less_chosen, uniq_amaemon, uniq_psyche,
          uniq_maggie
D:10:     layout_basic, fedhas_altar_1, yredelemnul_forgotten_temple_becter,
          serial_shops, shop, nicolae_shop_hallway_plus, shop, shop
Temple:   hellmonk_temple_forest_ring
Lair:1:   layout_layer_cave
Orc:1:    layout_caves

Skill      XL: |  1  2  3  4  5  6  7  8  9 10 11 |
---------------+----------------------------------+-----
Spellcasting   | 3 4 5 6 8 10 11 12 | 12.3
Stealth        | 2 |  2.0
Dodging        | 2 |  2.0
Necromancy     | 5 6 7 8 9 |  9.7
Fighting       | 1 2 |  2.0
Short Blades   | 1 3 |  3.0
Poison Magic   | 1 4 |  4.0
Air Magic      | 2 3 |  3.7
Translocations | 3 4 |  4.0
Evocations     | 2 |  2.5
Staves         | 1 |  1.2
Armour         | 1 |  1.1
Transmutations | 1 |  1.0

Action                     |  1- 3 |  4- 6 |  7- 9 | 10-12 || total
---------------------------+-------+-------+-------+-------++-------
  Melee: Unarmed           |     5 |       |       |       ||     5
         Dagger            |       |    10 |   118 |   109 ||   237
         Staff             |       |       |       |    41 ||    41
         Punch             |       |       |       |     1 ||     1
   Cast: Necrotise         |    70 |    90 |   185 |    10 ||   355
         Vampiric Draining |       |     7 |    51 |    21 ||    79
         Poisonous Vapours |       |       |     9 |    32 ||    41
         Agony             |       |       |     3 |     3 ||     6
         Mephitic Cloud    |       |       |     2 |    13 ||    15
         Animate Dead      |       |       |       |     7 ||     7
         Gell's Gravitas   |       |       |       |     1 ||     1
 Invoke: Curse Item        |       |     1 |     4 |       ||     5
         Shatter the Chain |       |       |       |     1 ||     1
  Evoke: Wand              |       |     1 |       |     9 ||    10
    Use: Scroll            |       |       |     2 |     4 ||     6
   Stab: Confused          |       |       |       |     3 ||     3
         Distracted        |       |       |       |     1 ||     1
         Sleeping          |       |       |       |     1 ||     1
 Armour: Robe              |    10 |    11 |   147 |   105 ||   273
  Dodge: Dodged            |    15 |    14 |   109 |   104 ||   242
  Block: Other             |     2 |     9 |    53 |    24 ||    88
         Reflection        |       |       |     6 |     5 ||    11
         Buckler           |       |       |       |    25 ||    25

Table legend: (Time is in decaauts)
 A = Elapsed time spent in this place.
 B = Non-inter-level travel time spent in this place.
 C = Inter-level travel time spent in this place.
 D = Time resting spent in this place.
 E = Time spent auto-exploring this place.
 F = Levels seen in this place.
 G = Mean time per level.
                   A        B        C        D        E       F      G
               +--------+--------+--------+--------+--------+-----+--------+
         Total |  11605 |  11317 |    288 |   1837 |   6130 |  13 |  892.7 |
       Dungeon |  10711 |  10423 |    288 |   1537 |   5914 |  10 | 1071.1 |
        Temple |      1 |      1 |      0 |      0 |      0 |   1 |    1.0 |
          Lair |    813 |    813 |      0 |    300 |    216 |   1 |  813.0 |
  Orcish Mines |     78 |     78 |      0 |      0 |      0 |   1 |   78.0 |
               +--------+--------+--------+--------+--------+-----+--------+

Top non-repeatable levels by time:
     D:7: 1824 daAuts
     D:6: 1296 daAuts
     D:9: 1270 daAuts
     D:2: 1163 daAuts
     D:1: 1137 daAuts
     D:5: 1118 daAuts
     D:8: 1056 daAuts
     D:3: 910 daAuts
  Lair:1: 813 daAuts
     D:4: 698 daAuts
    D:10: 236 daAuts
   Orc:1: 78 daAuts
  Temple: 1 daAuts
